 Dungeon Crawl Stone Soup version 0.25.1-9-gc5326a611f (webtiles) character file.

Game seed: 441982529033745850

212 Destapler the Changer (level 5, -2/45 HPs)
             Began as a Draconian Transmuter on Jan 1, 2021.
             Slain by a worm (9 damage)
             ... on level 3 of the Dungeon.
             The game lasted 00:14:55 (2629 turns).

Destapler the Changer (Draconian Transmuter)        Turns: 2629, Time: 00:14:56

Health: -2/45      AC:  7    Str: 12    XL:     5   Next: 58%
Magic:  9/9        EV: 12    Int: 13    God:
Gold:   149        SH:  0    Dex: 13    Spells: 7/10 levels left

rFire    . . .     SeeInvis .   j - +0 short sword
rCold    . . .     Gourm    .   (no shield)
rNeg     . . .     Faith    .   (armour unavailable)
rPois    .         Spirit   .   (helmet restricted)
rElec    .         Reflect  .   l - +0 cloak
rCorr    .         Harm     .   o - +0 pair of gloves (curse)
MR       .....                  (boots currently unavailable)
Stlth    +.........             (no amulet)
HPRegen  0.15/turn              (no ring)
MPRegen  0.11/turn              (no ring)

@: appendage
A: unfitting armour, talons 3, cold-blooded, AC +5
a: End Transformation


You were on level 3 of the Dungeon.
You were not hungry.
You had grown temporary talons.
You visited 1 branch of the dungeon, and saw 3 of its levels.

You collected 149 gold pieces.

Inventory:

Hand Weapons
 j - a +0 short sword (weapon)
Missiles
 a - 35 arrows
Armour
 h - a +0 helmet
 l - a +0 cloak (worn)
 o - a cursed +0 pair of gloves (worn)
Scrolls
 b - a scroll of blinking {unknown}
 f - 2 scrolls of remove curse {unknown}
 i - a scroll of teleportation {unknown}
 k - a scroll of enchant weapon {unknown}
 m - a scroll of identify {unknown}
Potions
 d - a potion of curing
 e - a potion of heal wounds
 g - a potion of degeneration {unknown}
 n - a potion of lignification {unknown}
Comestibles
 c - 3 rations


   Skills:
 + Level 3.0 Fighting
 - Level 2.0 Dodging
 - Level 3.0 Unarmed Combat
 + Level 3.1 Spellcasting
 * Level 4.3 Transmutations


You had 7 spell levels left.
You knew the following spells:

 Your Spells              Type           Power        Failure   Level  Hunger
a - Beastly Appendage     Tmut           ##....       3%          1    #......
b - Sticks to Snakes      Tmut           ##......     6%          2    ##.....

Your spell library contained the following spells:

 Spells                   Type           Power        Failure   Level  Hunger
 Spider Form              Tmut/Pois      #.........   28%         3    ###....
 Ice Form                 Ice/Tmut       #.......     67%         4    #####..
 Blade Hands              Tmut           ##........   71%         5    ######.


Dungeon Overview and Level Annotations

Branches:
Dungeon (3/15)

Altars:


Innate Abilities, Weirdness & Mutations

Your plain brown scales are hard. (AC +5)
You cannot fit into any form of body armour.
You are cold-blooded and may be slowed by cold attacks.
You have claws for feet.


Message History

You barely miss the frilled lizard. Your kick misses the frilled lizard.
Your tail-slap misses the frilled lizard.
The frilled lizard barely misses you.
You closely miss the frilled lizard.
The frilled lizard unfolds its giant frill.
The frilled lizard bites you but does no damage.
You barely miss the frilled lizard. Your kick misses the frilled lizard.
The frilled lizard misses you.
You hit the frilled lizard.
You kill the frilled lizard!
You hit the orc. Your kick misses the orc.
The orc is heavily wounded.
The orc hits you but does no damage.
You hit the orc.
The orc is severely wounded.
The orc hits you but does no damage.
You hit the orc.
You kill the orc!
The worm bites you!
You die...

# # #.####)#
..###.#.<..#
........#######
#####.#.......#
#.#.#####.# #...#
##.#
#########.##.....
........@w.......
#########........
##....... ..###.#
.... . #.### ..
#.# ..


You could see a worm.

Vanquished Creatures
  Natasha (thrice) (D:2)
  An orc wizard (D:3)
  2 adders (D:2)
  2 leopard geckos
  5 orcs (D:3)
  5 bats (D:1)
  2 giant cockroaches (D:1)
  4 goblins
  4 hobgoblins
  3 frilled lizards
  4 kobolds
  A leopard gecko zombie (D:2)
  4 rats (D:1)
40 creatures vanquished.

Vanquished Creatures (collateral kills)
  An ogre (D:2)
1 creature vanquished.

Grand Total: 41 creatures vanquished

Notes
Turn   | Place    | Note
-------+----------+-------------------------------------------
     0 | D:1      | Destapler the Draconian Transmuter began the quest for the
                  | Orb.
     0 | D:1      | Reached XP level 1. HP: 16/16 MP: 3/3
   466 | D:1      | Reached XP level 2. HP: 19/23 MP: 5/5
  1145 | D:2      | Noticed Natasha
  1153 | D:2      | Noticed a crimson imp
  1153 | D:2      | Killed Natasha
  1153 | D:2      | Reached skill level 3 in Transmutations
  1153 | D:2      | Reached XP level 3. HP: 16/29 MP: 6/6
  1324 | D:2      | Noticed Natasha
  1333 | D:2      | Killed Natasha
  1333 | D:2      | Reached XP level 4. HP: 34/36 MP: 5/7
  1474 | D:2      | Noticed Natasha
  1494 | D:2      | Killed Natasha
  1832 | D:2      | Noticed an ogre
  2085 | D:2      | Learned a level 2 spell: Sticks to Snakes
  2266 | D:2      | Killed an ogre
  2266 | D:2      | Reached skill level 4 in Transmutations
  2266 | D:2      | Reached XP level 5. HP: 28/44 MP: 1/9
  2629 | D:3      | Slain by a worm

Illustrated notes

Levels and vault maps discovered:
D:1:      saegor_arrival_under_anarchy, layout_basic, minmay_circled_x
D:2:      layout_basic, item_on_display_a, uniq_natasha
D:3:      wad_crossroads, layout_basic, old_standard_altar, first_ration

Skill      XL: |  1  2  3  4  5 |
---------------+----------------+-----
Dodging        | 2 |  2.0
Fighting       | 2 3 |  3.0
Transmutations | 3 4 |  4.3
Spellcasting   | 3 |  3.1
Unarmed Combat | |  3.0

Action                   |  1- 3 |  4- 6 || total
-------------------------+-------+-------++-------
Melee: Unarmed           |    27 |       ||    27
       Short sword       |    54 |   108 ||   162
       Headbutt          |     8 |       ||     8
       Tailslap          |     6 |    11 ||    17
       Kick              |     4 |     9 ||    13
       Punch             |       |     2 ||     2
 Cast: Beastly Appendage |    10 |    10 ||    20
       Sticks to Snakes  |       |     8 ||     8
  Use: Potion            |       |     2 ||     2
  Eat: Chunk             |     2 |     2 ||     4
       Ration            |       |     1 ||     1
Armor: Skin              |    32 |    55 ||    87
Dodge: Dodged            |    62 |    73 ||   135
